Map: Ephemeron LE

Players

Has - Winner!

  • Race: Protoss Protoss
  • Spawn Location: 11:00

TLO

  • Race: Zerg Zerg
  • Spawn Location: 5:00

Event: IEM Katowice 2020

VOD

Have the link to the VOD?

Description

Time

  • Played on: Feb. 24, 2020, 11:57 a.m.
  • Length: 6:19

All games in this series

Show
View Real Time Build Order
Export as new Build Order

Has Protoss - Winner!

Build Orders: Phoenix Opening 

Get SALT Encoding   

  12  0:00  Probe  
  13  0:13  Probe  
  14  0:20  Pylon  
  14  0:25  Probe  
  15  0:38  Gateway  
  15  0:39  Probe (Chrono Boost)  
  16  0:48  Probe (Chrono Boost)  
  16  0:49  Assimilator  
  17  0:53  Probe (Chrono Boost)  
  18  1:05  Probe  
  18  1:06  Forge  
  19  1:17  Probe  
  20  1:27  Pylon  
  20  1:36  Pylon  
  20  1:38  Pylon  
  20  1:46  Photon Cannon  
  20  1:50  Photon Cannon  
  20  2:03  Cybernetics Core  
  20  2:09  Pylon  
  20  2:21  Probe  
  21  2:35  Nexus  
  21  2:36  Probe  
  21  2:40  Adept (Chrono Boost)  
  23  2:48  Assimilator  
  23  2:57  Stargate  
  23  3:03  Pylon  
  23  3:07  Adept (Chrono Boost)  
  25  3:13  Probe  
  25  3:17  Warp Gate  
  26  3:25  Probe  
  27  3:30  Adept  
  30  3:43  Phoenix (Chrono Boost)  
  30  3:47  Probe  
  30  3:48  Probe  
  33  3:59  Probe  
  33  4:00  Probe  
  35  4:11  Probe (Chrono Boost)  
  35  4:12  Probe (Chrono Boost)  
  37  4:20  Twilight Council  
  37  4:23  Probe (Chrono Boost), Adept  
  37  4:24  Probe (Chrono Boost)  
  39  4:28  Probe (Chrono Boost)  
  39  4:29  Probe (Chrono Boost), Gateway  
  41  4:37  Probe  
  42  4:40  Probe  
  42  4:41  Gateway  
  43  4:50  Probe  
  44  5:07  Gateway  
  44  5:08  Sentry  
  44  5:11  Gateway  
  44  5:12  Oracle (Chrono Boost)  
  45  5:15  Gateway  
  45  5:17  Shield Battery  
  45  5:20  Pylon  
  45  5:25  Shield Battery  
  43  5:29  Gateway  
  43  5:37  Pylon  
  43  5:39  Pylon  
  43  5:43  Pylon  
  44  5:51  Zealot x2  
  44  5:52  Zealot  
  52  6:06  Zealot x2  
  52  6:09  Cybernetics Core  
  48  6:15  Zealot x2  
Show
View Real Time Build Order
Export as new Build Order

TLO Zerg 

Build Orders: Hatch First 

Get SALT Encoding   

  12  0:00  Drone  
  13  0:12  Overlord  
  13  0:17  Drone  
  14  0:31  Drone x2  
  16  0:48  Hatchery  
  15  0:51  Drone  
  15  0:55  Drone  
  17  1:00  Extractor  
  17  1:01  Drone  
  17  1:16  Spawning Pool  
  16  1:19  Drone  
  17  1:28  Drone  
  18  2:03  Zergling x2  
  18  2:05  Zergling x2  
  20  2:08  Zergling x2  
  20  2:09  Zergling x2  
  20  2:11  Zergling x2  
  23  2:18  Zergling x2  
  17  2:35  Drone  
  16  2:38  Drone  
  16  2:43  Drone  
  18  2:48  Drone  
  19  2:52  Drone  
  19  2:56  Drone  
  21  3:00  Drone  
  21  3:04  Drone  
  23  3:09  Drone  
  23  3:11  Drone  
  25  3:15  Drone  
  26  3:25  Metabolic Boost  
  26  3:27  Overlord  
  26  3:34  Queen  
  28  3:45  Queen  
  30  3:49  Drone  
  30  3:52  Overlord  
  31  4:02  Zergling x2  
  29  4:03  Zergling x2  
  29  4:04  Zergling x2  
  27  4:26  Baneling Nest  
  27  4:28  Zergling x2  
  27  4:30  Zergling x2  
  28  4:35  Zergling x2  
  29  4:39  Zergling x2  
  29  4:44  Zergling x2  
  30  4:49  Zergling x2  
  31  4:53  Zergling x2  
  32  5:01  Zergling x2  
  32  5:02  Zergling x2  
  33  5:10  Zergling x4  
  33  5:12  Zergling x2  
  35  5:16  Baneling  
  35  5:17  Baneling  
  35  5:18  Baneling  
  35  5:22  Zergling x2  
  35  5:26  Baneling  
  35  5:32  Zergling x2  
  34  5:36  Zergling x2  
  34  5:37  Zergling x2  
  34  5:46  Baneling x3  
  34  5:48  Zergling x2  
  34  5:53  Zergling x2  
  33  5:57  Zergling x2  

Tags
 
Add a new tag
Caveats
  • Supply blocks, unpowered buildings, or Contaminate may cause inaccurate times.
  • Supply counts are checked every 10 seconds.